 Dungeon Crawl Stone Soup version 0.15-a0-1119-g9b3a599 (webtiles) character file.

63 Amnesiac the Cutter (level 4, -2/27 HPs)
             Began as a Halfling Enchanter on May 29, 2014.
             Killed from afar by an orc wizard (13 damage)
             ... with a puff of flame
             ... on Level 5 of the Dungeon.
             The game lasted 00:05:10 (1965 turns).

Amnesiac the Cutter (Halfling Enchanter)            Turns: 1965, Time: 00:05:11

HP  -2/27        AC  4     Str  5      XL: 4   Next: 31%
MP   0/6         EV 15     Int 16      God:
Gold 21          SH  0     Dex 17      Spells:  2 memorised,  2 levels left

rFire  . . .     SeeInvis +     a - +1,+3 dagger
rCold  . . .     Clarity  .     b - +1 robe
rNeg   . . .     rCorr    .     (no shield)
rPois  .         rRot     .     k - +0 helmet
rElec  .         Spirit   .     (no cloak)
SustAb .         Warding  .     (no gloves)
rMut   .         Stasis   .     (no boots)
Gourm  .                        (no amulet)
MR     .....                    t - ring of see invisible
                                m - +1 ring of dexterity

@: not resistant to hostile enchantments, unstealthy
A: mutation resistance 1
a: no special abilities


You were on level 5 of the Dungeon.
You were very hungry.

You visited 1 branch of the dungeon, and saw 5 of its levels.

You collected 21 gold pieces.

Inventory:

Hand weapons
 a - a +1,+3 dagger (weapon)
 g - a +0,+0 short sword
Missiles
 d - 12 darts (quivered)
 i - 25 poisoned needles
Armour
 b - a +1 robe (worn)
 k - a +0 helmet (worn)
Comestibles
 f - a bread ration
 r - 2 rotting chunks of jackal flesh
Scrolls
 j - 8 scrolls of remove curse
 q - a scroll of identify {unknown}
 s - a scroll of noise {unknown}
 v - a scroll of enchant weapon I {unknown}
Jewellery
 m - a +1 ring of dexterity (left hand)
 n - an uncursed ring of ice
 t - a ring of see invisible (right hand)
Potions
 l - a potion of haste {unknown}
 o - a potion of heal wounds {unknown}
 u - a potion of agility {unknown}
Books
 c - a book of Maledictions

   Spells                             Type                      Level
   *Corona                            Hexes                        1
   Sure Blade                         Hexes/Charms                 2
   Ensorcelled Hibernation            Hexes/Ice                    2
   Confuse                            Hexes                        3
   *Dazzling Spray                    Conjuration/Hexes            3
   Enslavement                        Hexes                        4


   Skills:
 + Level 5.1 Short Blades
 - Level 1.3 Throwing
 - Level 2.1 Dodging
 - Level 2.0 Stealth
 - Level 1.5 Spellcasting
 - Level 2.6 Hexes


You had 2 spell levels left.
You knew the following spells:

 Your Spells              Type           Power        Failure   Level  Hunger
a - Corona                Hex            #......      10%         1    ##.....
e - Dazzling Spray        Conj/Hex       #.......     38%         3    ####...


Dungeon Overview and Level Annotations

Branches:
Dungeon (5/15)
 Temple: D:4-7

Altars:

Annotations:
D:4 exclusions: goblin and orc wizard


Innate Abilities, Weirdness & Mutations

You are small and have problems with some larger weapons.
You are somewhat resistant to further mutation.


Message History

The orc wizard hits you with a dagger.
You hit the orc wizard.
The orc wizard is lightly wounded.
The orc wizard closely misses you.
You hit the orc wizard but do no damage.
The orc wizard is lightly wounded.
You closely miss the orc wizard.
The orc wizard is lightly wounded.
The orc wizard hits you with a dagger.
You hit the orc wizard but do no damage.
The orc wizard is lightly wounded.
The orc wizard casts a spell at you. You resist.
Read which item? (? for menu, Esc to quit)
Enchant which weapon? (? for menu, Esc to quit)
As you read the scroll of enchant weapon II, it crumbles to dust.
Your +1,+2 dagger glows red for a moment.
The orc wizard points at you and mumbles some strange words.
The puff of flame hits you!
You die...

#........#.o...#....
##.###...###...o.....
#..####...#.....o%.o..
#............%$.o.....
#...♣♣♣...♣♣♣.........
#..♣# #♣.♣# #♣.......
#..♣ ♣.♣ ♣....... #..♣#
♣o♣# #♣........
#...♣♣♣.♣@♣♣♣........#
#......♣♣♣..o.........
#...♣♣♣.♣.♣♣♣..........
#..♣# ♣.♣ #♣.#......
#..♣ ♣.♣ ♣.##......
##.♣# #♣.♣# #♣.........
#..♣♣♣...♣♣♣...#######
#..............#
######.........#


You could see 2 orc wizards.

Vanquished Creatures
  An adder (D:4)
  2 giant mites
  2 giant geckos
  An ooze (D:2)
  An orc (D:4)
  6 bats
  3 goblins
  7 hobgoblins
  2 jackals (D:4)
  A giant newt (D:1)
  4 kobolds
  5 rats
35 creatures vanquished.

Notes
Turn   | Place    | Note
--------------------------------------------------------------
     0 | D:1      | Amnesiac, the Halfling Enchanter, began the quest for the Orb.
     0 | D:1      | Reached XP level 1. HP: 11/11 MP: 2/2
   298 | D:1      | Reached XP level 2. HP: 17/17 MP: 3/3
   477 | D:1      | Reached skill level 3 in Short Blades
   795 | D:1      | Reached XP level 3. HP: 18/21 MP: 5/5
   800 | D:1      | Learned a level 3 spell: Dazzling Spray
  1246 | D:2      | Reached skill level 4 in Short Blades
  1616 | D:5      | Entered Level 5 of the Dungeon
  1701 | D:4      | Reached XP level 4. HP: 25/27 MP: 6/6
  1854 | D:5      | Noticed an ogre
  1918 | D:5      | Reached skill level 5 in Short Blades
  1965 | D:5      | Killed from afar by an orc wizard

Action                   |  1- 3 |  4- 6 || total
-------------------------+-------+-------++-------
Melee: Dagger            |     6 |    20 ||    26
       Short sword       |   117 |    15 ||   132
 Cast: Dazzling Spray    |       |     2 ||     2
       Corona            |       |     1 ||     1
  Use: Scroll            |       |     6 ||     6
 Stab: Sleeping          |     3 |     2 ||     5
